 Dungeon Crawl Stone Soup version 0.23.2-30-g0e89c35649 (webtiles) character file.

Game seed: 5754190282628803336

81 lepoulpe303 the Ruffian (level 4, -2/45 HPs)
             Began as a Troll Monk on June 19, 2019.
             Killed from afar by Ijyb (19 damage)
             ... with a wand of acid (8)
             ... on level 3 of the Dungeon.
             The game lasted 00:04:39 (2091 turns).

lepoulpe303 the Ruffian (Troll Monk)                Turns: 2091, Time: 00:04:39

Health: -2/45      AC:  6    Str: 20    XL:     4   Next: 19%
Magic:  3/3        EV: 13    Int:  6    God:
Gold:   107        SH:  0    Dex: 12    Spells: 3/3 levels left

rFire    . . .     SeeInvis .     - Unarmed
rCold    . . .     Gourm    +   (no shield)
rNeg     . . .     Faith    .   a - +0 robe
rPois    .         Spirit   .   (helmet restricted)
rElec    .         Reflect  .   (no cloak)
rCorr    .         Harm     .   (gloves unavailable)
MR       .....                  (boots unavailable)
Stlth    ++........             k - amulet of rage
HPRegen  0.55/turn              Q - +3 ring of evasion
MPRegen  0.08/turn              (no ring)

@: no status effects
A: large, unfitting armour, claws 3, fast metabolism 3, gourmand, regeneration
1, shaggy fur 1, tough skin 3
a: Evoke Berserk Rage


You were on level 3 of the Dungeon.
You were not hungry.

You visited 1 branch of the dungeon, and saw 3 of its levels.

You collected 107 gold pieces.

Inventory:

Missiles
 d - 126 stones (quivered)
 n - 23 poisoned needles
Armour
 a - a +0 robe (worn)
Jewellery
 k - an amulet of rage (around neck)
 Q - a +3 ring of evasion (left claw)
Scrolls
 g - 3 scrolls of fear
 i - 4 scrolls of identify
 j - a scroll of noise {unknown}
 l - a scroll of magic mapping {unknown}
 m - a scroll of amnesia {unknown}
Potions
 b - a potion of resistance {unknown}
 c - 2 potions of curing {unknown}
 f - 2 potions of heal wounds {unknown}
 h - a potion of haste {unknown}
Comestibles
 e - 6 rations


   Skills:
 * Level 3.0 Fighting
 + Level 0.9 Throwing
 + Level 1.1 Armour
 + Level 2.8 Dodging
 - Level 1.0 Stealth
 * Level 3.6 Unarmed Combat


You had 3 spell levels left.
You didn't know any spells.
Your spell library was empty.

Dungeon Overview and Level Annotations

Branches:
Dungeon (3/15)

Altars:

Annotations:
D:3 Ijyb


Innate Abilities, Weirdness & Mutations

You are too large for most types of armour.
You have claws for hands.
Your metabolism is lightning-fast.
You like to eat raw meat.
Your natural rate of healing is unusually fast.
You are covered in fur. (AC +1)
You have extremely tough skin. (AC +3)


Message History

The bolt of acid hits you. The acid corrodes you!
You are splashed with acid!
You take 13 damage, and have 32/45 hp.
MASSIVE DAMAGE!!
You scratch Ijyb but do no damage. You scratch Ijyb. Ijyb hits you.
You barely miss Ijyb. Ijyb misses you.
You aren't carrying any items that you can evoke.
Ijyb zaps a wand.
The bolt of acid hits you!
* * * LOW HITPOINT WARNING * * *
You are splashed with acid!
* * * LOW HITPOINT WARNING * * *
You take 25 damage, and have 11/45 hp.
MASSIVE DAMAGE!!
Ijyb screams, "I cut your head off!"
You are no longer corroded.
There is a stone staircase leading up here.
Ijyb zaps a wand.
The bolt of acid hits you!!
You die...

###########
#.........#
#.#######.# # #
#.#######.##.#...#
#.........@.......
#..##.##..####...#
#.....g...# #
##.##.##.##
#....##.#
#..####.#
##.#.###.#
##.###.##.# ##.##
##...#


You could see Ijyb.

Levels and vault maps discovered:
D:1:      lemuel_arrival_behind_the_door_large, layout_basic
D:2:      minmay_razor_zed, layout_loops_ring
D:3:      layout_loops_corners, lemuel_doored_altar, uniq_ijyb

Notes
Turn   | Place    | Note
-------+----------+-------------------------------------------
     0 | D:1      | lepoulpe303 the Troll Monk began the quest for the Orb.
     0 | D:1      | Reached XP level 1. HP: 22/22 MP: 0/0
    60 | D:1      | Identified a +0 club
   159 | D:1      | Identified a +0 whip of electrocution
   259 | D:1      | Reached XP level 2. HP: 29/29 MP: 1/1
   367 | D:1      | Identified a +0 short sword
   396 | D:1      | Identified a +0 club
   642 | D:1      | Identified a +0 club
   702 | D:1      | Identified a +0 club
  1075 | D:2      | Reached XP level 3. HP: 36/36 MP: 2/2
  1078 | D:2      | Identified a +0 club
  1082 | D:2      | Identified a +0 dagger
  1394 | D:2      | Identified a +0 short sword
  1538 | D:2      | Reached skill level 3 in Fighting
  1538 | D:2      | Reached skill level 1 in Armour
  1538 | D:2      | Reached XP level 4. HP: 29/45 MP: 3/3
  1569 | D:2      | lepoulpe303: !whichgod trmo
  1569 | D:2      | meem: 108 recent wins for trmo: 24x Okawaru, 13x Ru, 13x
                  | Cheibriados, 12x Jiyva, 10x The Shining One, 9x
                  | Yredelemnul, 5x Qazlal, 5x Hepliaklqana, 5x Makhleb, 3x
                  | Ashenzari, 3x Elyvilon, 2x Wu Jian, 2x Uskayaw, Trog, Sif
                  | Muna
  1569 | D:2      | lepoulpe303: !whichgod trfi
  1569 | D:2      | meem: 126 recent wins for trfi: 39x Cheibriados, 32x
                  | Okawaru, 9x The Shining One, 7x Ru, 6x Jiyva, 5x Wu Jian,
                  | 4x Makhleb, 4x Yredelemnul, 3x Hepliaklqana, 3x Uskayaw, 3x
                  | Ashenzari, 2x, 2x Nemelex Xobeh, 2x Qazlal, Trog, Zin, Xom,
                  | Elyvilon, Gozag
  1935 | D:2      | Identified 4 scrolls of fear
  1936 | D:2      | Identified 5 scrolls of identify
  1936 | D:2      | Identified an amulet of rage (You found it on level 2 of
                  | the Dungeon)
  1938 | D:2      | Identified a ring of evasion (You found it on level 1 of
                  | the Dungeon)
  2064 | D:3      | Identified a +0 chain mail
  2064 | D:3      | Noticed Ijyb
  2079 | D:3      | HP: 11/45 [acid (13)]
  2091 | D:3      | Killed from afar by Ijyb

Table legend:
 A = Turns spent in this place as a percentage of turns spent in the entire game.
 B = Non-inter-level travel turns spent in this place as a percentage of non-inter-level travel turns spent in the entire game.
 C = Inter-level travel turns spent in this place as a percentage of turns spent in this place.
 D = Turns resting spent in this place as a percentage of non-inter-level travel turns spent in this place.
 E = Turns spent auto-exploring this place as a percentage of non-inter-level travel turns spent in this place.
 F = Non-inter-level travel turns spent in this place divided by the number of levels of this place that you've seen.
                   A       B       C       D       E      F
               +-------+-------+-------+-------+-------+----------------------
         Total | 100.0 | 100.0 |   5.3 |   1.8 |  83.4 | 660.3
       Dungeon | 100.0 | 100.0 |   5.3 |   1.8 |  83.4 | 660.3
               +-------+-------+-------+-------+-------+----------------------

Table legend:
 A = Kills in this place as a percentage of kills in entire the game.
 B = Kills by you in this place as a percentage of kills by you in the entire game.
 C = Kills by friends in this place as a percentage of kills by friends in the entire game.
 D = Other kills in this place as a percentage of other kills in the entire game.
 E = Experience gained in this place as a percentage of experience gained in the entire game.
 F = Experience gained in this place divided by the number of levels of this place that you have seen.
                   A       B       C       D       E      F
               +-------+-------+-------+-------+-------+----------------------
         Total | 100.0 | 100.0 |   N/A |   N/A | 100.0 |  38.7
       Dungeon | 100.0 | 100.0 |   N/A |   N/A | 100.0 |  38.7
               +-------+-------+-------+-------+-------+----------------------

Skill      XL: |  1  2  3 |
---------------+----------+-----
Fighting       | 3 |  3.0
Armour         | 1 |  1.1
Throwing       | |  0.9
Dodging        | |  2.8
Stealth        | |  1.0
Unarmed Combat | |  3.6

Action                   |  1- 3 |  4- 6 || total
-------------------------+-------+-------++-------
Melee: Unarmed           |    92 |    15 ||   107
Throw: Stone             |    83 |       ||    83
  Use: Scroll            |       |     2 ||     2
  Eat: Chunk             |    17 |     3 ||    20
Armor: Robe              |    32 |     2 ||    34
Dodge: Dodged            |    51 |     7 ||    58

Vanquished Creatures
  3 adders (D:2)
  An ooze (D:1)
  A worm (D:2)
  3 leopard geckos
  A ball python (D:2)
  7 bats
  A giant cockroach (D:1)
  4 goblins
  4 hobgoblins
  A jackal (D:2)
  A quokka (D:2)
  4 frilled lizards
  8 kobolds
  6 rats
45 creatures vanquished.
